 Dungeon Crawl Stone Soup version 0.31-a0-344-gd109795599 (webtiles) character file.

Game seed: 6968278495533224815

84 lessens the Trooper (level 4, 0/35 HPs)
             Began as a Demonspawn Fighter on July 18, 2023.
             Slain by a gnoll
             ... wielding a +0 flail
             ... led by a gnoll bouda
              (2 damage)
             ... on level 3 of the Dungeon on July 22, 2023.
             The game lasted 00:03:01 (2156 turns).

lessens the Trooper (Demonspawn Fighter)            Turns: 2156, Time: 00:03:02

Health: 0/35       AC:  6    Str: 18    XL:     4   Next: 23%
Magic:  4/4        EV:  9    Int:  9    God:
Gold:   133        SH:  4    Dex: 13    Spells: 3/3 levels left

rFire   . . .        a - +0 war axe
rCold   . . .        c - +0 buckler
rNeg    . . .        b - +0 scale mail
rPois   +            (helmet restricted)
rElec   .            (no cloak)
rCorr   .            (no gloves)
SInv    .            (no boots)
Will    .....        (no amulet) Stlth
                     g - ring of poison resistance
HPRegen 0.25/turn    (no ring)
MPRegen 0.09/turn

%: no passive effects
@: no status effects
A: horns 1
a: no special abilities


You were on level 3 of the Dungeon.
You visited 1 branch of the dungeon, and saw 4 of its levels.

You collected 133 gold pieces.

Inventory:

Hand Weapons
 a - a +0 war axe (weapon)
Missiles
 h - 2 stones
Armour
 b - a +0 scale mail (worn)
 c - a +0 buckler (worn)
Jewellery
 g - a ring of poison resistance (left hand)
Scrolls
 e - a scroll of noise {unknown}
 i - 2 scrolls of blinking {unknown}
 l - 2 scrolls of teleportation {unknown}
 o - 3 scrolls of amnesia {unknown}
 p - a scroll of vulnerability {unknown}
 r - a scroll of enchant armour {unknown}
 s - a scroll of poison {unknown}
 t - a scroll of identify {unknown}
 u - a scroll of acquirement {unknown}
 v - a scroll of fear {unknown}
 y - a scroll of summoning {unknown}
Potions
 d - 2 potions of might
 f - a potion of brilliance {unknown}
 j - 2 potions of curing {unknown}
 k - 2 potions of degeneration {unknown}
 m - a potion of enlightenment {unknown}
 n - a potion of heal wounds {unknown}
 q - a potion of magic {unknown}
 w - a potion of haste {unknown}
 x - a potion of lignification {unknown}
 z - a potion of invisibility {unknown}


   Skills:
 - Level 3.0 Fighting
 - Level 2.5 Axes
 - Level 2.6 Armour
 - Level 2.6 Shields
 * Level 3.0 Unarmed Combat


You had 3 spell levels left.
You didn't know any spells.
Your spell library contained the following spells:

 Spells                   Type           Power      Damage    Failure   Level
 Magic Dart               Conj           0%         1d3       86%         1
 Searing Ray              Conj           0%         2d4       94%         2
 Portal Projectile        Hex/Tloc       0%         N/A       99%         3
 Tukima's Dance           Hex            0%         N/A       99%         3
 Fulminant Prism          Conj/Hex       0%         3d5       100%        4
 Iskenderun's Mystic Bla  Conj/Tloc      0%         2d3       100%        4


Dungeon Overview and Level Annotations

Branches:
Dungeon (4/15) Zot: 21798
 Temple: D:4-7

Altars:


Innate Abilities, Weirdness & Mutations

You have a pair of small horns on your head.


Message History

You hear a shout!
A gnoll comes into view. It is wielding a +0 flail.
The gnoll hits you with a +0 flail!
You hit the gnoll but do no damage. You headbutt the gnoll.
The gnoll is lightly wounded.
The gnoll barely misses you. The gnoll hits you but does no damage.
You barely miss the gnoll. You headbutt the gnoll.
The gnoll is heavily wounded.
You hit the gnoll. You slash the ball python!
You kill the ball python!
The gnoll hits you with a +0 club. The gnoll barely misses you.
You hit the gnoll.
You headbutt the gnoll, but do no damage.
The gnoll is severely wounded.
You barely miss the gnoll.
You hit the gnoll bouda but do no damage.
The gnoll bouda hits you but does no damage.
The gnoll hits you but does no damage. The gnoll hits you with a +0 flail.
The gnoll bouda closely misses you.
The gnoll bouda attacks as you move away!
The gnoll bouda hits you but does no damage.
The gnoll barely misses you. You block the endoplasm's attack.
The gnoll hits you with a +0 flail! The gnoll attacks as you move away!
The gnoll completely misses you.
There is a stone staircase leading up here.
The gnoll closely misses you. The gnoll barely misses you.
You climb upwards.
There is a stone staircase leading down here.
You barely miss the gnoll.
The gnoll is severely wounded.
You hit the gnoll but do no damage. The gnoll completely misses you.
The gnoll hits you with a +0 flail.
* * * LOW HITPOINT WARNING * * *
The gnoll hits you with a +0 flail!
* * * LOW HITPOINT WARNING * * *
The gnoll is no longer moving quickly.
The gnoll barely misses you.
Okay, then.
Okay, then.
The gnoll attacks as you move away! The gnoll hits you with a +0 flail.
You die...

#...###.##.##'##
#..........#...##
###.#######.....##
##.## ##.......##
##...####.........##
#.......'.......[.'.
##...####.........##
#..gg...##.......##.
#.#@###.###.....###.
##.#.# #.# ##...## #.
#....# #.# ##'## #.
#..### #.# #.# #.
#..# #.# #.# #.
#..#####.# ##.## #.
#........####...## #.
#.######.........####
#.# #.####...##.##


You could see 2 gnolls.

Vanquished Creatures
  Robin (D:2)
  An adder (D:2)
  2 worms (D:2)
  2 dart slugs
  9 ball pythons
  4 bats
  4 endoplasms
  2 giant cockroaches (D:2)
  11 goblins
  4 hobgoblins
  3 jackals (D:3)
  A kobold (D:1)
  2 frilled lizards (D:2)
  4 rats
50 creatures vanquished.

Notes
Turn   | Place    | Note
-------+----------+-------------------------------------------
     0 | D:1      | lessens the Demonspawn Fighter began the quest for the Orb.
     0 | D:1      | Reached XP level 1. HP: 18/18 MP: 1/1
   266 | D:1      | Discovered your monstrous ancestry.
   266 | D:1      | Gained mutation: You have a pair of small horns on your
                  | head. [demonic ancestry]
   266 | D:1      | Reached XP level 2. HP: 17/24 MP: 2/2
   747 | D:2      | Reached skill level 1 in Unarmed Combat
   841 | D:2      | Reached XP level 3. HP: 29/29 MP: 3/3
  1092 | D:2      | Noticed Robin
  1179 | D:2      | Killed Robin
  1261 | D:2      | Reached XP level 4. HP: 30/35 MP: 4/4
  1553 | D:3      | Found a faded altar of an unknown god.
  1656 | D:3      | Upgraded the game from 0.31-a0-325-g067879e3d3 to
                  | 0.31-a0-344-gd109795599
  2156 | D:3      | Slain by a gnoll

Illustrated notes

Levels and vault maps discovered:
D:1:      minmay_arrival_split_and_join, layout_loops_ring
D:2:      layout_rooms, uniq_robin
D:3:      layout_loops_corners, ebering_ecumenical_altar_sacrificial
D:4:      layout_cave_pods, serial_park, serial_park_tiny_1, serial_park_tiny_1,
          serial_park_paths [serial_park_minivault_5x5_8], serial_park_avenue1,
          serial_park_square1 [serial_park_minivault_5x5_2],
          guppyfry_early_lair_pool, uniq_grinder

Skill      XL: |  1  2  3  4 |
---------------+-------------+-----
Axes           | 2 |  2.5
Unarmed Combat | 1 2 3 |  3.0
Fighting       | |  3.0
Armour         | |  2.6
Shields        | |  2.6

Action                     |  1- 3 |  4- 6 || total
---------------------------+-------+-------++-------
  Melee: War axe           |    91 |    19 ||   110
         Headbutt          |     9 |     5 ||    14
 Armour: Scale mail        |    32 |    12 ||    44
  Dodge: Dodged            |    39 |    19 ||    58
  Block: Buckler           |    21 |     6 ||    27

Table legend: (Time is in decaauts)
 A = Elapsed time spent in this place.
 B = Non-inter-level travel time spent in this place.
 C = Inter-level travel time spent in this place.
 D = Time resting spent in this place.
 E = Time spent auto-exploring this place.
 F = Levels seen in this place.
 G = Mean time per level.
                   A        B        C        D        E       F      G
               +--------+--------+--------+--------+--------+-----+--------+
         Total |   2201 |   2113 |     88 |      0 |   1742 |   4 |  550.2 |
       Dungeon |   2201 |   2113 |     88 |      0 |   1742 |   4 |  550.2 |
               +--------+--------+--------+--------+--------+-----+--------+

Top non-repeatable levels by time:
     D:3: 882 daAuts
     D:1: 702 daAuts
     D:2: 603 daAuts
     D:4: 11 daAuts

Levels and vault maps discovered:
D:1:      minmay_arrival_split_and_join, layout_loops_ring
D:2:      layout_rooms, uniq_robin
D:3:      layout_loops_corners, ebering_ecumenical_altar_sacrificial
D:4:      layout_cave_pods, serial_park, serial_park_tiny_1, serial_park_tiny_1,
          serial_park_paths [serial_park_minivault_5x5_8], serial_park_avenue1,
          serial_park_square1 [serial_park_minivault_5x5_2],
          guppyfry_early_lair_pool, uniq_grinder
